 Dungeon Crawl Stone Soup version 0.32-a0-43-g058985b245 (webtiles) character file.

Game seed: 720605655060039540

37 cforsyth the Magician (level 3, 0/30 HPs)
             Began as a Djinni Warper on Feb 3, 2024.
             Slain by Terence
             ... wielding a +0 falchion
              (6 damage)
             ... on level 2 of the Dungeon.
             The game lasted 00:01:14 (944 turns).

cforsyth the Magician (Djinni Warper)                Turns: 944, Time: 00:01:14

Health: 0/30       AC:  3    Str: 10    XL:     3   Next: 62%
Gold:   106        EV: 11    Int: 16    God:
                   SH:  0    Dex: 12

rFire   + + .        a - +0 falchion
rCold   x . .        (no shield)
rNeg    . . .        b - +0 leather armour
rPois   ∞            (no helmet)
rElec   .            (no cloak)
rCorr   .            (no gloves)
SInv    .            (boots unavailable)
Will    .....        (no amulet)
Stlth   +            (no ring)
HPRegen 0.25/turn    (no ring)
MPRegen 0.00/turn

%: infuse magic (-1 HP)
@: flying
A: sickness immunity, fire resistance 2, cold vulnerability 1, float, innate
caster, HP casting, extra vitality 1
a: no special abilities


You were on level 2 of the Dungeon.
You visited 1 branch of the dungeon, and saw 2 of its levels.

You collected 106 gold pieces.

Inventory:

Hand Weapons
 a - a +0 falchion (weapon)
Missiles
 d - 5 darts of dispersal (quivered)
Armour
 b - a +0 leather armour (worn)
Jewellery
 l - an amulet of regeneration
Scrolls
 c - a scroll of blinking
 f - 2 scrolls of fear {unknown}
 h - a scroll of identify {unknown}
 i - a scroll of poison {unknown}
 j - a scroll of teleportation {unknown}
Potions
 e - 2 potions of haste {unknown}
 g - 2 potions of cancellation {unknown}
 k - a potion of heal wounds {unknown}
 m - a potion of attraction {unknown}
 n - a potion of lignification {unknown}


   Skills:
 + Level 3.0 Fighting
 - Level 1.7 Long Blades
 - Level 0.7 Throwing
 - Level 1.0 Armour
 - Level 2.1 Dodging
 + Level 3.4 Spellcasting
 + Level 3.4 Conjurations
 + Level 3.4 Hexes
 + Level 3.4 Summonings
 + Level 3.4 Necromancy
 + Level 3.4 Translocations
 + Level 3.4 Fire Magic
 + Level 3.4 Ice Magic
 + Level 3.4 Air Magic
 + Level 3.4 Earth Magic
 + Level 3.4 Alchemy


You knew the following spells:

 Your Spells              Type           Power      Damage    Failure   Level
a - Blink                 Tloc           26%        N/A       9%          2
b - Lesser Beckoning      Tloc           26%        N/A       9%          2
c - Teleport Other        Tloc           13%        N/A       19%         3
d - Manifold Assault      Tloc           13%        N/A       52%         4
e - Vhi's Electric Charg  Tloc/Air       26%        N/A       52%         4
f - Apportation           Tloc           26%        N/A       6%          1
Your spell library was empty.

Dungeon Overview and Level Annotations

Branches:
Dungeon (2/15)

Altars:

Annotations:
D:2 Terence


Innate Abilities, Weirdness & Mutations

You are immune to sickness and miasma.
You are immune to poison.
Your flesh is very heat resistant. (rF++)
You are vulnerable to cold. (rC-)
You float through the air rather than walking.
You learn spells naturally, not from books.
Your magical power is your life essence.
You have superior vitality. (+4 MHP)


Message History

Things that are here:
a +0 dagger; a +0 robe
n - a silvery potion Terence the Incautious comes into view.
He is wielding a +0 falchion.
Terence shouts!
Terence is nearby!
Cast which spell? (? or * to list)
Okay, then.
Unknown command.
Unknown command.
You hit Terence.
Terence is moderately wounded.
Terence hits you with a +0 falchion.
You barely miss Terence.
Terence is moderately wounded.
Terence hits you with a +0 falchion.
You closely miss Terence.
Terence is moderately wounded.
Terence closely misses you. x2
You hit Terence but do no damage.
Terence is moderately wounded.
Terence misses you.
You barely miss Terence.
Terence is moderately wounded.
Terence barely misses you.
You hit Terence.
Terence is heavily wounded.
Terence hits you with a +0 falchion!
You hit Terence.
Terence is severely wounded.
Terence misses you. Terence hits you with a +0 falchion.
You hit Terence but do no damage.
Terence is severely wounded.
Terence hits you with a +0 falchion.
* * * LOW HITPOINT WARNING * * *
You hit Terence but do no damage.
Terence is severely wounded.
Terence hits you with a +0 falchion.
You die...
Terence says, "Rest in peace."

##### #...# #...#
#...##########
#...##........
#...##........
#.....!?......
...#####...##@@......
...........##########
...####.#### ###.#
#...# #.### #.# #.#
.. ###.# ...


You could see Terence.

Vanquished Creatures
  An adder (D:2)
  3 ball pythons
  2 bats
  An endoplasm (D:1)
  A giant cockroach (D:1)
  5 goblins
  2 hobgoblins (D:1)
  3 quokkas (D:1)
  4 kobolds
  3 rats
25 creatures vanquished.

Notes
Turn   | Place    | Note
-------+----------+-------------------------------------------
     0 | D:1      | cforsyth the Djinni Warper began the quest for the Orb.
     0 | D:1      | cforsyth set off with the following spells memorised:
                  | Blink, Lesser Beckoning, Teleport Other, Manifold Assault,
                  | Vhi's Electric Charge.
     0 | D:1      | Reached XP level 1. HP: 18/18 MP: 0/0
    28 | D:1      | Reached XP level 2. HP: 19/23 MP: 0/0
   347 | D:1      | Reached XP level 3. HP: 23/29 MP: 0/0
   347 | D:1      | Learned a level 1 spell: Apportation
   932 | D:2      | Noticed Terence
   944 | D:2      | Slain by Terence

Illustrated notes

Levels and vault maps discovered:
D:1:      wander_arrival_fairy_ring, layout_basic, corexii_hall_statues_l,
          minivault_23
D:2:      layout_rooms, skrybe_limestone_x, uniq_jessica, uniq_terence

Skill      XL: |  1  2  3 |
---------------+----------+-----
Spellcasting   | 3 |  3.4
Conjurations   | 3 |  3.4
Hexes          | 3 |  3.4
Summonings     | 3 |  3.4
Necromancy     | 3 |  3.4
Translocations | 3 |  3.4
Fire Magic     | 3 |  3.4
Ice Magic      | 3 |  3.4
Air Magic      | 3 |  3.4
Earth Magic    | 3 |  3.4
Alchemy        | 3 |  3.4
Fighting       | 3 |  3.0
Long Blades    | |  1.7
Throwing       | |  0.7
Armour         | |  1.0
Dodging        | |  2.1

Action                     || total
---------------------------++-------
  Melee: Falchion          ||    77
         Punch             ||     2
  Throw: Dart              ||     2
 Armour: Leather armour    ||    61
  Dodge: Dodged            ||    51

Table legend: (Time is in decaauts)
 A = Elapsed time spent in this place.
 B = Non-inter-level travel time spent in this place.
 C = Inter-level travel time spent in this place.
 D = Time resting spent in this place.
 E = Time spent auto-exploring this place.
 F = Levels seen in this place.
 G = Mean time per level.
                   A        B        C        D        E       F      G
               +--------+--------+--------+--------+--------+-----+--------+
         Total |    960 |    939 |     21 |      0 |    763 |   2 |  480.0 |
       Dungeon |    960 |    939 |     21 |      0 |    763 |   2 |  480.0 |
               +--------+--------+--------+--------+--------+-----+--------+

Top non-repeatable levels by time:
     D:1: 768 daAuts
     D:2: 192 daAuts
